 Dungeon Crawl Stone Soup version 0.29-a0-557-g43b9904 (webtiles) character file.

Game seed: 13068727330454582685

91 Illumine the Cudgeller (level 5, -2/46 HPs)
             Began as a Meteoran Fighter on June 8, 2022.
             Slain by Menkaure (12 damage)
             ... on level 4 of the Dungeon.
             The game lasted 00:02:30 (501 turns).

Illumine the Cudgeller (Meteoran Fighter)            Turns: 501, Time: 00:02:31

Health: -2/46      AC:  8    Str: 20    XL:     5   Next: 13%
Magic:  6/6        EV:  9    Int:  9    God:
Gold:   58         SH: 10    Dex: 13    Spells: 4/4 levels left

rFire   . . .      SeeInvis .   a - +0 flail
rCold   . . .      Faith    .   c - +0 buckler
rNeg    . . .      Spirit   .   b - +0 scale mail
rPois   .          Reflect  +   (no helmet)
rElec   .          Harm     .   (no cloak)
rCorr   .          Rampage  .   (no gloves)
Will    .....                   i - +0 pair of boots
Stlth   ..........              f - amulet of reflection
HPRegen 0.15/turn               (no ring)
MPRegen 0.10/turn               (no ring)

@: mighty, glowing
A: sense surroundings 1, otherworldly, glowing, explore regen
a: no special abilities


You were on level 4 of the Dungeon.
You visited 1 branch of the dungeon, and saw 4 of its levels.

You collected 58 gold pieces.

Inventory:

Hand Weapons
 a - a +0 flail (weapon)
 k - a +0 shortbow
Missiles
 p - 6 poisoned darts (quivered)
Armour
 b - a +0 scale mail (worn)
 c - a +0 buckler (worn)
 i - a +0 pair of boots (worn)
Jewellery
 f - an amulet of reflection (around neck)
Scrolls
 h - a scroll of enchant weapon {unknown}
 j - a scroll of magic mapping {unknown}
 l - a scroll of fear {unknown}
 m - a scroll of teleportation {unknown}
Potions
 e - 2 potions of attraction {unknown}
 g - 2 potions of invisibility {unknown}
 n - a potion of mutation {unknown}
 o - a potion of heal wounds {unknown}


   Skills:
 + Level 3.9 Fighting
 * Level 4.4 Maces & Flails
 + Level 4.2 Armour
 + Level 4.3 Shields


You had 4 spell levels left.
You didn't know any spells.
Your spell library was empty.

Dungeon Overview and Level Annotations

Branches:
Dungeon (4/15)
 Temple: D:4-7

Altars:
Uskayaw

Annotations:
D:4 Menkaure


Innate Abilities, Weirdness & Mutations

You passively map a small area around you.
You are easily found by Zot.
You glow in the dark.
You regain HP and MP as you explore.


Message History

You block the giant cockroach's attack.
You feel very mighty all of a sudden. The quokka barely misses you.
The iguana bites you! You block the giant cockroach's attack.
You block the quokka's attack.
Unknown command.
You barely miss the quokka.
The quokka is heavily wounded.
The giant cockroach closely misses you. The quokka barely misses you.
The iguana bites you but does no damage.
You hit the quokka.
You kill the quokka!
You block the giant cockroach's attack. The iguana closely misses you.
The giant cockroach bites you but does no damage.
The giant cockroach attacks as you move away!
You block the giant cockroach's attack.
Menkaure casts a spell.
Menkaure seems to speed up.
You closely miss the iguana.
The iguana is heavily wounded.
The iguana bites you.
* * * LOW HITPOINT WARNING * * *
The iguana bites you but does no damage.
You barely miss the iguana.
The iguana is heavily wounded.
The giant cockroach waves its antennae.
The iguana closely misses you.
Okay, then.
Okay, then.
A ball python comes into view.
The ball python hisses angrily.
The iguana attacks as you move away! The iguana bites you.
* * * LOW HITPOINT WARNING * * *
You thump the ball python!
You kill the ball python!
You sock the giant cockroach!
You kill the giant cockroach!
You sock Menkaure!
Menkaure is heavily damaged.
Menkaure hits you!
You die...

* * , , , #.# *
#.......# #.# *
*#.......###.# ,
+........##.#,, ,
....§....##.# * ,
≈≈≈≈≈≈≈.§##.# , ,
..§...≈M. #.# ,, *
≈≈≈≈≈.≈.# #@# * ,
.≈...≈.≈.###M# * ,
§≈._.≈..MB..l# *
§≈...≈.≈.###......#
* §≈.≈≈≈.≈§#
#......# .§§....≈§#
#......#
,≈§≈≈≈≈≈≈§.#
###.####
..§§......# *.#
######..##†..# .#


You could see Menkaure (fast) and an iguana.

Vanquished Creatures
  Jessica (D:3)
  2 adders
  3 worms
  A dart slug (D:3)
  3 orcs
  5 ball pythons
  An endoplasm (D:3)
  2 giant cockroaches
  3 goblins
  6 hobgoblins
  2 quokkas
  3 bats
  A frilled lizard (D:1)
  2 kobolds
  A rat (D:2)
36 creatures vanquished.

Notes
Turn   | Place    | Note
-------+----------+-------------------------------------------
     0 | D:1      | Illumine the Meteoran Fighter began the quest for the Orb.
     0 | D:1      | Reached XP level 1. HP: 19/19 MP: 2/2
    92 | D:1      | Reached XP level 2. HP: 26/26 MP: 3/3
   137 | D:1      | You fall into a shaft and drop 1 floor!
   257 | D:3      | Reached XP level 3. HP: 31/31 MP: 4/4
   259 | D:3      | Noticed Jessica
   270 | D:3      | Killed Jessica
   271 | D:3      | Reached XP level 4. HP: 28/40 MP: 5/5
   461 | D:4      | Found a hide-covered altar of Uskayaw.
   473 | D:4      | Reached XP level 5. HP: 37/46 MP: 6/6
   481 | D:4      | Noticed Menkaure
   501 | D:4      | Slain by Menkaure

Illustrated notes

Levels and vault maps discovered:
D:1:      elethiomel_arrival_infinity_welcomes_careful_drivers,
          layout_loops_corners
D:2:      layout_basic, ebering_ecumenical_altar_sacrificial,
          guppyfry_early_orc_mine
D:3:      layout_rooms, mainiacjoe_overflow_paths, uniq_jessica, uniq_grinder
D:4:      layout_basic, mainiacjoe_overflow_concentric_impassable,
          uniq_menkaure, uniq_crazy_yiuf_cottage, uniq_robin, uniq_ijyb

Skill      XL: |  1  2  3 |
---------------+----------+-----
Maces & Flails | 3 4 |  4.4
Shields        | 4 |  4.3
Armour         | 4 |  4.2
Fighting       | |  3.9

Action                   |  1- 3 |  4- 6 || total
-------------------------+-------+-------++-------
Melee: Flail             |    55 |    57 ||   112
  Use: Potion            |       |     1 ||     1
Armor: Scale mail        |    32 |    33 ||    65
Dodge: Dodged            |    22 |    29 ||    51
Block: Buckler           |    37 |    40 ||    77
       Reflection        |     1 |     2 ||     3

Table legend: (Time is in decaauts)
 A = Elapsed time spent in this place.
 B = Non-inter-level travel time spent in this place.
 C = Inter-level travel time spent in this place.
 D = Time resting spent in this place.
 E = Time spent auto-exploring this place.
 F = Levels seen in this place.
 G = Mean time per level.
                   A        B        C        D        E       F      G
               +--------+--------+--------+--------+--------+-----+--------+
         Total |    530 |    530 |      0 |      3 |    153 |   4 |  132.5 |
       Dungeon |    530 |    530 |      0 |      3 |    153 |   4 |  132.5 |
               +--------+--------+--------+--------+--------+-----+--------+

Top non-repeatable levels by time:
     D:3: 172 daAuts
     D:1: 140 daAuts
     D:4: 111 daAuts
     D:2: 106 daAuts
